 Dungeon Crawl Stone Soup version 0.22-a0-605-g9281fa2 (webtiles) character file.

242 Amnesiac the Ducker (level 5, -5/33 HPs)
             Began as a Deep Elf Transmuter on July 8, 2018.
             Killed by divine providence
             ... invoked by an orc priest
              (15 damage)
             ... on level 4 of the Dungeon.
             The game lasted 00:04:18 (2742 turns).

Amnesiac the Ducker (Deep Elf Transmuter)           Turns: 2742, Time: 00:04:19

Health: -5/33      AC:  2    Str:  7    XL:     5   Next: 82%
Magic:  9/11       EV: 22    Int: 19    God:
Gold:   89         SH:  0    Dex: 20    Spells: 4/10 levels left

rFire    . . .     SeeInvis .     - Unarmed
rCold    . . .     Gourm    .   (shield currently unavailable)
rNeg     . . .     Faith    .   (armour currently unavailable)
rPois    x         Spirit   .   (helmet currently unavailable)
rElec    .         Reflect  .   (cloak currently unavailable)
rCorr    .         Harm     .   (gloves currently unavailable)
MR       .....                  (boots currently unavailable)
Stlth    ++........             (no amulet)
HPRegen  0.11/turn              h - ring of wizardry
MPRegen  0.12/turn              (no ring)

@: spider-form (expiring)
A: tiny
a: End Transformation


You were on level 4 of the Dungeon.
You were not hungry.
You were a venomous arachnid creature.
You visited 1 branch of the dungeon, and saw 4 of its levels.

You collected 89 gold pieces.

Inventory:

Missiles
 a - 33 arrows
Armour
 b - a +0 robe (melded)
Jewellery
 f - a cursed ring of teleportation {unknown}
 h - a ring of wizardry (left front leg)
Scrolls
 c - 3 scrolls of identify {!r, unknown}
 m - a scroll of remove curse {!r, unknown}
Potions
 e - a potion of magic {!q, unknown}
 g - a potion of agility {!q, unknown}
 i - a potion of brilliance {!q, unknown}
 j - a potion of flight {!q, unknown}
 k - a potion of degeneration {!q, unknown}
Comestibles
 d - 4 rations
 l - 9 chunks of flesh


   Skills:
 * Level 3.7 Fighting
 + Level 3.9 Dodging
 - Level 2.4 Unarmed Combat
 - Level 3.0 Spellcasting
 - Level 3.5 Transmutations


You had 4 spell levels left.
You knew the following spells:

 Your Spells              Type           Power        Failure   Level  Hunger
a - Beastly Appendage     Tmut           ###...       4%          1    None
c - Sticks to Snakes      Tmut           ###.....     6%          2    ##.....
e - Spider Form           Tmut/Pois      #.........   19%         3    ###....

Your spell library contained the following spells:

 Spells                   Type           Power        Failure   Level  Hunger
 Blade Hands              Tmut           ###.......   52%         5    ######.
 Ice Form                 Ice/Tmut       #.......     45%         4    ####...


Dungeon Overview and Level Annotations

Branches:
Dungeon (4/15)
 Temple: D:4-7

Altars:
Ashenzari
Fedhas

Annotations:
D:4 2 transporters


Message History

You hit the leopard gecko.
The leopard gecko is severely wounded.
The leopard gecko closely misses you.
You closely miss the leopard gecko.
The leopard gecko is severely wounded.
Your transformation is almost over.
The leopard gecko completely misses you.
You hit the leopard gecko.
You kill the leopard gecko!
No target in view!
You are feeling hungry.
Things that are here:
a leopard gecko corpse; a worker ant corpse You butcher the leopard gecko corpse.
l - 8 chunks of flesh (gained 1)
You see here a worker ant corpse.
You butcher the worker ant corpse.
l - 10 chunks of flesh (gained 2) Eating one of 10 chunks of flesh.
You eat one of the 10 chunks of flesh.
This raw flesh tastes terrible.
Your transformation has ended.
Found 29 sling bullets.
Found an escape hatch in the floor.
m - a scroll labeled KUARIU SEANOANT {!r} An orc, an orc priest and 2 orc wizards come into view.
The orc wizard shouts! x2; You hear an angry hiss.
The orc wizard casts a cantrip, but nothing happens.
There are monsters nearby!
There are monsters nearby!
Casting: Spider Form (safe; 9% risk of failure)
Confirm with . or Enter, or press ? or * to list all spells.
You turn into a venomous arachnid creature.
The orc wizard gestures wildly while chanting.
The orc wizard flickers and vanishes!
Deactivating autopickup; reactivate with Ctrl-A.
The orc priest hits you.
You hit the orc priest but do no damage.
The orc priest looks satisfied for a moment.
You hit the orc priest.
The orc priest is poisoned.
The orc priest is lightly wounded.
The orc priest misses you.
You hit the orc priest.
The orc priest is heavily wounded.
The orc wizard casts a spell.
The orc wizard flickers and vanishes!
The orc priest barely misses you.
You hit the orc priest but do no damage.
The orc priest looks as sick as possible!
The orc priest is heavily wounded.
You hit the orc priest.
The orc priest looks as sick as possible!
The orc priest is heavily wounded.
The orc priest invokes the aid of Beogh against you.
Beogh smites you!
* * * LOW HITPOINT WARNING * * *
You barely miss the orc priest.
The orc priest is severely wounded.
Something hits you.
* * * LOW HITPOINT WARNING * * *
The orc priest misses you.
Your transformation is almost over.
The orc priest mumbles some strange prayers to Beogh against you.
The orc priest invokes the aid of Beogh against you.
Beogh smites you!
You die...

### #.# #.. #.#..
#.######## #.#.#
#.o.o..... #.#.#
#..# #.#.#
#..#############.#.#
#..s.............#.#
#.############...#.#
#.# #.#....
#.############.###.#
#.##................
#.##.........#.###..
#............#...#..
####....(....###.##.
#................##.


You could see an orc priest.

Vanquished Creatures
  An ogre (D:4)
  An orc wizard (D:4)
  2 worker ants (D:4)
  An adder (D:4)
  3 gnolls (D:4)
  A leopard gecko (D:4)
  4 orcs
  4 bats
  3 giant cockroaches
  3 goblins
  A hobgoblin (D:2)
  2 jackals (D:3)
  A kobold (D:1)
  A frilled lizard (D:2)
  2 rats (D:3)
30 creatures vanquished.

Vanquished Creatures (collateral kills)
  An adder (D:3)
  A leopard gecko (D:4)
2 creatures vanquished.

Grand Total: 32 creatures vanquished

Notes
Turn   | Place    | Note
-------+----------+-------------------------------------------
     0 | D:1      | Amnesiac the Deep Elf Transmuter began the quest for the Orb.
     0 | D:1      | Reached XP level 1. HP: 11/11 MP: 6/6
   649 | D:2      | Reached XP level 2. HP: 6/16 MP: 6/8
   657 | D:2      | Learned a level 2 spell: Sticks to Snakes
  1059 | D:3      | Reached skill level 1 in Fighting
  1070 | D:3      | Found a blossoming altar of Fedhas.
  1318 | D:2      | Reached XP level 3. HP: 8/20 MP: 7/9
  1344 | D:2      | Learned a level 3 spell: Spider Form
  2001 | D:4      | Found a transporter.
  2017 | D:4      | Found a transporter.
  2060 | D:4      | Reached XP level 4. HP: 27/27 MP: 7/10
  2437 | D:4      | Found a shattered altar of Ashenzari.
  2536 | D:4      | Noticed an ogre
  2575 | D:4      | Killed an ogre
  2575 | D:4      | Reached XP level 5. HP: 33/33 MP: 9/11
  2742 | D:4      | Killed from afar by an orc priest

Vault maps used:
D:1:      minmay_arrival_five_plusses, minivault_19
D:2:      lemuel_round_altar, serial_park_tiny_2
D:3:      lemuel_doored_altar, first_ration, dk_yredelemnul_ordeal
D:4:      gammafunk_steamed_eel, kennysheep_little_box, uniq_grinder

Skill      XL: |  1  2  3  4  5 |
---------------+----------------+-----
Transmutations | 3 |  3.5
Fighting       | 1 2 3 |  3.7
Dodging        | 3 |  3.9
Unarmed Combat | |  2.4
Spellcasting   | |  3.0

Action                   |  1- 3 |  4- 6 || total
-------------------------+-------+-------++-------
Melee: Unarmed           |   108 |    31 ||   139
       Kick              |     7 |       ||     7
       Headbutt          |     3 |       ||     3
       Punch             |     1 |       ||     1
 Cast: Beastly Appendage |    15 |       ||    15
       Sticks to Snakes  |     2 |       ||     2
       Spider Form       |     3 |     6 ||     9
 Stab: Sleeping          |     1 |       ||     1
  Eat: Chunk             |     3 |     4 ||     7
Armor: Robe              |    19 |       ||    19
       Skin              |     1 |     2 ||     3
Dodge: Dodged            |    73 |    26 ||    99

Table legend:
 A = Spawn XP
 B = Non-spawn XP
 C = Spawn XP percentage of total XP
 D = Spawn monster count
 E = Non-spawn monster count
 F = Spawn count percentage of total count
 G = Total turns spent on level
                    A         B        C        D         E        F      G
               +---------+---------+-------+---------+---------+-------+---------
         Total |       0 |     347 |   0.0 |       0 |      32 |   0.0 |  2742
               +---------+---------+-------+---------+---------+-------+---------
           D:1 |       0 |       6 |   0.0 |       0 |       3 |   0.0 |   260
           D:2 |       0 |      12 |   0.0 |       0 |       7 |   0.0 |   898
           D:3 |       0 |      23 |   0.0 |       0 |       8 |   0.0 |   572
           D:4 |       0 |     306 |   0.0 |       0 |      14 |   0.0 |  1012
               +---------+---------+-------+---------+---------+-------+---------
